 Dungeon Crawl Stone Soup version 0.27-a0-96-gb51a1d6fd6 (webtiles) character file.

Game seed: 17013375890406349555

3611 kae the Grappler (level 9, -4/89 HPs)
             Began as a Troll Fighter on Jan 19, 2021.
             Was a Follower of Ru.
             Shot with an arrow by a centaur warrior (23 damage)
             ... on level 9 of the Dungeon.
             The game lasted 00:04:15 (6519 turns).

kae the Grappler (Troll Fighter)                    Turns: 6519, Time: 00:04:15

Health: -4/89      AC: 11    Str: 29    XL:     9   Next: 86%
Magic:  13/13      EV: 12    Int:  4    God:    Ru [*.....]
Gold:   603        SH:  0    Dex:  9    Spells: 15/15 levels left

rFire    . . .     SeeInvis .     - Unarmed
rCold    . . .     Faith    .   (no shield)
rNeg     + . .     Spirit   .   a - +1 robe
rPois    .         Reflect  .   (helmet restricted)
rElec    .         Harm     .   c - -1 cloak "Keso" {+Inv Will+ rCorr}
rCorr    +         Rampage  .   (gloves unavailable)
Will     +....                  (boots unavailable)
Stlth    +.........             (no amulet)
HPRegen  0.64/turn              h - +4 ring of protection
MPRegen  0.13/turn              k - ring of positive energy

@: no status effects
A: large, unfitting armour, claws 3, regeneration 1, shaggy fur 1, tough skin 3,
no air magic, no conjurations magic, no hexes magic
a: Renounce Religion, Evoke Invisibility


You were on level 9 of the Dungeon.
You worshipped Ru.
Ru was aware of your devotion.
You visited 2 branches of the dungeon, and saw 10 of its levels.

You collected 603 gold pieces.

Inventory:

Armour
 a - a +1 robe (worn)
 b - a +0 kite shield
 c - the -1 cloak "Keso" (worn) {+Inv Will+ rCorr}
   (You found it on level 8 of the Dungeon)

   It affects your willpower, your defense against some magical effects.
   It lets you turn invisible.
   It provides partial protection from all sources of acid and corrosion.
Jewellery
 h - a +4 ring of protection (left claw)
 i - a +6 ring of intelligence
 k - a ring of positive energy (right claw)
 n - an uncursed ring of resist corrosion
Wands
 e - a wand of iceblast (17)
 q - a wand of polymorph (11)
 y - a wand of enslavement (6)
Scrolls
 g - 4 scrolls of identify
 j - a scroll of enchant weapon
 l - 3 scrolls of remove curse
 m - a scroll of magic mapping
 o - 2 scrolls of immolation
 p - 3 scrolls of fog
 u - a scroll of fear
Potions
 d - 4 potions of curing
 f - 3 potions of attraction
 r - a potion of flight
 s - a potion of ambrosia
 t - 2 potions of cancellation
 v - 3 potions of brilliance
 w - 3 potions of might
 x - a potion of mutation {unknown}
 z - a potion of degeneration


   Skills:
 + Level 5.8 Fighting
 + Level 5.8 Dodging
 - Level 2.4 Shields
 * Level 9.2 Unarmed Combat
 + Level 3.8 Spellcasting


You had 15 spell levels left.
You didn't know any spells.
Your spell library contained the following spells:

 Spells                   Type           Power        Failure   Level
 Sting                    Tmut/Pois      0%           36%         1
 Ignite Poison            Fire/Tmut/Pois 0%           75%         3
 Olgreb's Toxic Radiance  Pois           0%           98%         4
 Magic Dart               Conj           Unusable     N/A         1
 Poisonous Vapours        Pois/Air       Unusable     N/A         2
 Searing Ray              Conj           Unusable     N/A         2
 Dazzling Flash           Conj/Hex       Unusable     N/A         3
 Mephitic Cloud           Conj/Pois/Air  Unusable     N/A         3
 Fulminant Prism          Conj/Hex       Unusable     N/A         4
 Iskenderun's Mystic Bla  Conj/Tloc      Unusable     N/A         4

Dungeon Overview and Level Annotations

Branches:
Dungeon (9/15)             Temple (1/1) D:5
   Lair: D:8-11         Orc: D:9-12

Altars:
Ashenzari
Cheibriados
Dithmenos
Elyvilon
Fedhas
Gozag
Hepliaklqana
Kikubaaqudgha
Makhleb
Nemelex Xobeh
Okawaru
Qazlal
Ru
Sif Muna
Trog
Uskayaw
Vehumet
Wu Jian
Xom
Yredelemnul
Zin
The Shining One

Shops:
D:4 ([(

Annotations:
D:8 exclusion: 2 goblins


Innate Abilities, Weirdness & Mutations

You are too large for most types of armour.
You have claws for hands.
Your natural rate of healing is unusually fast.
You are covered in fur. (AC +1)
You have extremely tough skin. (AC +3)
You cannot study or cast Air magic.
You cannot study or cast Conjurations magic.
You cannot study or cast Hexes magic.


Message History

You see here an arrow.
A centaur warrior is nearby!
A centaur warrior is nearby!
You are too injured to fight recklessly!
You are too injured to fight recklessly!
You are too injured to fight recklessly!
You are too injured to fight recklessly!
The centaur warrior shoots an arrow.
The arrow hits you.
The centaur warrior shoots an arrow.
The arrow hits you!
* * * LOW HITPOINT WARNING * * *
You see here 2 arrows.
The centaur warrior shoots an arrow.
The arrow hits you but does no damage.
Found a scale mail.
You see here an arrow.
The centaur warrior shoots an arrow.
The arrow hits you!
* * * LOW HITPOINT WARNING * * *
Found a stone staircase leading down.
You see here an arrow.
You feel better.
The centaur warrior shoots an arrow.
The arrow hits you!!
You die...

#########.# #.# #.#
#.# # #.# ###. #.#
.....###############.#
.[...................#
.......@((((.........#
.....c################
....> .... ... .. .


You could see a centaur warrior.

Vanquished Creatures
  2 wizards (D:8)
  Sigmund (D:2)
  A necrophage (D:9)
  An ice beast (D:6)
  2 phantoms (D:4)
  6 ogres
  5 bullfrogs
  8 scorpions
  A howler monkey (D:8)
  A centaur zombie (D:5)
  2 bullfrog zombies
  An orc priest (D:4)
  4 orc wizards
  2 iguanas (D:8)
  10 worker ants
  A hound zombie (D:6)
  A hound skeleton (D:5)
  2 worker ant zombies
  4 gnolls (D:6)
  14 adders
  A shadow imp (D:9)
  2 white imps
  An ufetubus (D:6)
  An ooze (D:2)
  2 adder skeletons
  A worm (D:4)
  A dart slug (D:2)
  4 leopard geckos
  8 orcs
  3 giant cockroaches
  9 goblins
  7 hobgoblins
  2 jackals (D:1)
  4 quokkas
  2 ball pythons
  8 bats
  9 frilled lizards
  6 kobolds
  A leopard gecko skeleton (D:8)
  A leopard gecko zombie (D:8)
  7 rats
149 creatures vanquished.

Vanquished Creatures (others)
  5 fungi
  7 plants (D:3)
12 creatures vanquished.

Grand Total: 161 creatures vanquished

Notes
Turn   | Place    | Note
-------+----------+-------------------------------------------
     0 | D:1      | kae the Troll Fighter began the quest for the Orb.
     0 | D:1      | Reached XP level 1. HP: 22/22 MP: 0/0
   134 | D:1      | Reached XP level 2. HP: 29/29 MP: 1/1
   664 | D:2      | Reached XP level 3. HP: 35/36 MP: 2/2
  1144 | D:2      | Noticed Sigmund
  1172 | D:2      | Killed Sigmund
  1173 | D:2      | Reached skill level 3 in Unarmed Combat
  1173 | D:2      | Reached skill level 1 in Spellcasting
  1173 | D:2      | Reached XP level 4. HP: 20/45 MP: 2/4
  1173 | D:2      | Reached XP level 5. HP: 23/53 MP: 2/5
  1359 | D:3      | Reached skill level 4 in Unarmed Combat
  1493 | D:3      | Found a blossoming altar of Fedhas.
  1715 | D:3      | You fall into a shaft and drop 2 floors!
  1715 | D:5      | Entered Level 5 of the Dungeon
  1741 | D:5      | Reached XP level 6. HP: 58/61 MP: 5/7
  2387 | D:3      | You fall into a shaft and drop 2 floors!
  2397 | D:5      | Reached skill level 5 in Unarmed Combat
  2473 | D:4      | Found Ciopysm's Weapon Shoppe.
  2944 | D:4      | Reached XP level 7. HP: 68/68 MP: 8/8
  3066 | D:4      | Found Zashriato's Antique Weapon Shop.
  3281 | D:4      | Found Nozxiom's Armour Emporium.
  3612 | D:5      | Reached skill level 6 in Unarmed Combat
  3834 | D:5      | Found a staircase to the Ecumenical Temple.
  3840 | Temple   | Entered the Ecumenical Temple
  4087 | Temple   | Became a worshipper of Ru the Awakened
  4151 | D:6      | Found a white marble altar of Elyvilon.
  4267 | D:6      | Reached XP level 8. HP: 72/78 MP: 10/10
  4367 | D:6      | Found a sparkling altar of Nemelex Xobeh.
  4901 | D:7      | Reached skill level 7 in Unarmed Combat
  5015 | D:7      | Gained mutation: You cannot study or cast Air magic. [Ru
                  | sacrifice]
  5015 | D:7      | Gained mutation: You cannot study or cast Hexes magic. [Ru
                  | sacrifice]
  5015 | D:7      | Gained mutation: You cannot study or cast Conjurations
                  | magic. [Ru sacrifice]
  5015 | D:7      | Reached * piety under Ru
  5102 | D:7      | Found an ornate altar of the Wu Jian Council.
  5331 | D:7      | Reached skill level 5 in Fighting
  5336 | D:7      | Reached skill level 5 in Dodging
  5336 | D:7      | Reached XP level 9. HP: 88/88 MP: 12/12
  5427 | D:7      | Found the +7 Singing Sword {vorpal, sonic wave}
  5652 | D:8      | Found an iron altar of Okawaru.
  5904 | D:8      | Reached skill level 8 in Unarmed Combat
  6004 | D:8      | Noticed a wizard
  6004 | D:8      | Noticed a wizard
  6004 | D:8      | Paralysed by a wizard for 4 turns
  6013 | D:8      | Killed a wizard
  6014 | D:8      | Killed a wizard
  6015 | D:8      | Reached skill level 9 in Unarmed Combat
  6044 | D:8      | Got a faintly glowing cloak
  6050 | D:8      | Identified the -1 cloak "Keso" {+Inv Will+ rCorr} (You
                  | found it on level 8 of the Dungeon)
  6513 | D:9      | Noticed a centaur warrior
  6519 | D:9      | Shot with an arrow by a centaur warrior

Illustrated notes

Levels and vault maps discovered:
D:1:      lemuel_arrival_muddy, layout_basic, chequers_serial_rivers_micro_c
D:2:      layout_basic, minivault_24, uniq_sigmund
D:3:      cheibrodos_old_hovel, layout_basic, fedhas_altar_3
D:4:      minmay_chambers_of_threes, layout_loops_ring, serial_shops,
          nicolae_shop_behind_doors, shop, nicolae_shop_trees, glass_columns_c
D:5:      layout_basic, minmay_temple_entry_enclosed_plants
D:6:      layout_gridville, basic_altar, nemelex_diamond_rough_becter
D:7:      old_forge, layout_rooms, basic_altar
D:8:      cheibrodos_wizards_tower, layout_loops_cross,
          kennysheep_okawaru_gauntlet
D:9:      layout_long_grid, erik_orc_2, serial_shops, shop, minmay_between
Temple:   nicolae_temple_the_god_donut

Skill      XL: |  1  2  3  4  5  6  7  8  9 |
---------------+----------------------------+-----
Fighting       | 3 4 5 |  5.8
Dodging        | 3 4 5 |  5.8
Unarmed Combat | 3 4 5 6 7 9 |  9.2
Spellcasting   | 1 2 3 |  3.8
Shields        | |  2.4

Action                   |  1- 3 |  4- 6 |  7- 9 || total
-------------------------+-------+-------+-------++-------
Melee: Unarmed           |    93 |   116 |   265 ||   474
       Punch             |       |     2 |    12 ||    14
Invok: Sacrifice Arcana  |       |       |     1 ||     1
  Use: Potion            |     3 |       |     2 ||     5
       Scroll            |       |       |    19 ||    19
 Stab: Sleeping          |       |     1 |       ||     1
       Held in net/web   |       |       |     1 ||     1
Armor: Robe              |    37 |    53 |    99 ||   189
       Skin              |       |       |     2 ||     2
Dodge: Dodged            |    27 |    46 |   114 ||   187
Block: Kite shield       |    10 |       |       ||    10

Table legend: (Time is in decaauts)
 A = Elapsed time spent in this place.
 B = Non-inter-level travel time spent in this place.
 C = Inter-level travel time spent in this place.
 D = Time resting spent in this place.
 E = Time spent auto-exploring this place.
 F = Levels seen in this place.
 G = Mean time per level.
                   A        B        C        D        E       F      G
               +--------+--------+--------+--------+--------+-----+--------+
         Total |   6469 |   6238 |    231 |    237 |   5042 |  10 |  646.9 |
       Dungeon |   6216 |   6003 |    213 |    237 |   4809 |   9 |  690.7 |
        Temple |    253 |    235 |     18 |      0 |    233 |   1 |  253.0 |
               +--------+--------+--------+--------+--------+-----+--------+

Top non-repeatable levels by time:
     D:3: 1027 daAuts
     D:4: 769 daAuts
     D:8: 749 daAuts
     D:6: 736 daAuts
     D:5: 731 daAuts
     D:2: 693 daAuts
     D:7: 670 daAuts
     D:1: 656 daAuts
  Temple: 253 daAuts
     D:9: 182 daAuts
